 Dungeon Crawl Stone Soup version 0.30-a0-743-gbfdf073431 (webtiles) character file.

Game seed: 2972754889042371611

20 NinjaNoafa the Ducker (level 2, 0/21 HPs)
             Began as a Felid Berserker on Feb 5, 2023.
             Was a Follower of Trog.
             Succumbed to an adder's poison
             ... on level 2 of the Dungeon.
             The game lasted 00:01:25 (656 turns).

NinjaNoafa the Ducker (Felid Berserker)              Turns: 656, Time: 00:01:26

Health: 0/21       AC:  1    Str: 13    XL:     2   Next: 58%
Magic:  3/3        EV: 18    Int:  8    God:    Trog [*.....]
Gold:   25         SH:  0    Dex: 15    Spells: 1/1 levels left
                                        Lives:  0   Deaths: 0

rFire   . . .      SeeInvis +      - Unarmed
rCold   . . .      Faith    .    (shield unavailable)
rNeg    . . .      Spirit   .    (body armour unavailable)
rPois   .          Reflect  .    (helmet unavailable)
rElec   .          Harm     .    (cloak unavailable)
rCorr   .          Rampage  .    (gloves unavailable)
Will    .....                    (boots unavailable) Stlth
                                 (no amulet)
HPRegen 0.23/turn                (no ring)
MPRegen 0.08/turn                (no ring)

@: berserking, lethally poisoned (0 -> -2), attractive, very quick
A: very small, claws 1, fangs 3, see invisible, speed 1, shaggy fur 1, stealthy
paws, no weapons or thrown items, no armour, multi-lived
a: Renounce Religion, Berserk


You were on level 2 of the Dungeon.
You worshipped Trog.
Trog was aware of your devotion.
You visited 1 branch of the dungeon, and saw 2 of its levels.

You collected 25 gold pieces.

Inventory:

Jewellery
 d - a ring of poison resistance
Scrolls
 f - a scroll of noise {unknown}
 h - a scroll of amnesia {unknown}
 i - 3 scrolls of blinking {unknown}
 k - a scroll of identify {unknown}
Potions
 b - a potion of lignification {unknown}
 c - a potion of heal wounds {unknown}
 e - a potion of degeneration {unknown}
 g - a potion of might {unknown}
 j - a potion of resistance {unknown}


   Skills:
 + Level 3.3 Fighting
 - Level 4.3 Dodging
 - Level 1.3 Stealth
 - Level 3.2 Unarmed Combat


You had one spell level left.
You didn't know any spells.
Your spell library was empty.

Dungeon Overview and Level Annotations

Branches:
Dungeon (2/15)

Altars:


Innate Abilities, Weirdness & Mutations

You have sharp claws.
You have razor-sharp teeth.
You have supernaturally acute eyesight. (SInv)
You cover ground quickly. (Speed+)
You are covered in fur. (AC +1)
Your paws help you pounce on unaware monsters.
You are incapable of wielding weapons or throwing items.
You cannot wear armour.
You gain extra lives every three experience levels.


Message History

You feel sick. The adder bites you.
* * * LOW HITPOINT WARNING * * *
You are lethally poisoned!
The adder poisons you!
It was a potion of attraction.
You feel attractive to monsters.
* * * LOW HITPOINT WARNING * * *
You feel sick. The adder completely misses you.
The ball python is attracted toward you.
You fail to use your ability.
* * * LOW HITPOINT WARNING * * *
You feel sick. The ball python closely misses you.
The ball python barely misses you. The adder misses you.
The ball python misses you. The ball python barely misses you.
The adder misses you.
You closely miss the adder.
The adder is heavily wounded.
* * * LOW HITPOINT WARNING * * *
You feel sick. The adder misses you. The ball python closely misses you. x2
The hobgoblin hits you.
* * * LOW HITPOINT WARNING * * *
A red film seems to cover your vision as you go berserk!
You feel yourself moving faster!
You feel mighty!
* * * LOW HITPOINT WARNING * * *
You feel sick. The adder closely misses you.
The ball python completely misses you. The ball python closely misses you.
The hobgoblin misses you.
You closely miss the adder.
The adder is heavily wounded.
* * * LOW HITPOINT WARNING * * *
You feel sick. The adder completely misses you. The ball python misses you.
The ball python completely misses you.
You are too berserk!
Unknown command.
You barely miss the ball python. The hobgoblin closely misses you.
The adder misses you.
You claw the adder!
You kill the adder!
Trog accepts your kill.
You die...

#.##.#######
#..... #.##.#
#..... # #....#
#..... #.####.#
#..... #
#.####.# #.....
..#......##
#.....
#.........#####
#.....
..>...........#
#####+
#......@..###.#
+.....S.g.#
#.........#
#......?..#
#....)....#
#.........#
#..........
#..........#


You could see a hobgoblin and a ball python.

Vanquished Creatures
  An adder (D:2)
  2 ball pythons (D:1)
  An endoplasm (D:1)
  3 goblins (D:1)
  A hobgoblin (D:1)
  2 jackals (D:1)
  3 frilled lizards (D:1)
  4 kobolds (D:1)
  3 rats
20 creatures vanquished.

Notes
Turn   | Place    | Note
-------+----------+-------------------------------------------
     0 | D:1      | NinjaNoafa the Felid Berserker began the quest for the Orb.
     0 | D:1      | Reached XP level 1. HP: 10/10 MP: 2/2
   148 | D:1      | Reached skill level 1 in Stealth
   151 | D:1      | Reached XP level 2. HP: 12/14 MP: 3/3
   654 | D:2      | HP: 1/21 [poisoned by an adder]
   656 | D:2      | Succumbed to an adder's poison

Illustrated notes

Levels and vault maps discovered:
D:1:      lightli_arrival_boilingwater, layout_rooms, minivault_11
D:2:      layout_basic, uniq_crazy_yiuf_cottage, uniq_jessica

Skill      XL: |  1 |
---------------+----+-----
Stealth        | 1 |  1.3
Fighting       | |  3.3
Dodging        | |  4.3
Unarmed Combat | |  3.2

Action                     || total
---------------------------++-------
  Melee: Unarmed           ||    57
         Bite              ||     3
 Invoke: Berserk           ||     1
    Use: Potion            ||     1
 Armour: Skin              ||     2
  Dodge: Dodged            ||    61

Table legend: (Time is in decaauts)
 A = Elapsed time spent in this place.
 B = Non-inter-level travel time spent in this place.
 C = Inter-level travel time spent in this place.
 D = Time resting spent in this place.
 E = Time spent auto-exploring this place.
 F = Levels seen in this place.
 G = Mean time per level.
                   A        B        C        D        E       F      G
               +--------+--------+--------+--------+--------+-----+--------+
         Total |    550 |    512 |     38 |      0 |    361 |   2 |  275.0 |
       Dungeon |    550 |    512 |     38 |      0 |    361 |   2 |  275.0 |
               +--------+--------+--------+--------+--------+-----+--------+

Top non-repeatable levels by time:
     D:1: 475 daAuts
     D:2: 74 daAuts
